 Dungeon Crawl Stone Soup version 0.22.0-75-g3901e79 (webtiles) character file.

109 suicidejoker the Skirmisher (level 4, -1/35 HPs)
             Began as a Demonspawn Fighter on Sept 14, 2018.
             Slain by Natasha (4 damage)
             ... on level 2 of the Dungeon.
             The game lasted 00:05:23 (1402 turns).

suicidejoker the Skirmisher (Demonspawn Fighter)    Turns: 1402, Time: 00:05:24

Health: -1/35      AC:  6    Str: 22    XL:     4   Next: 59%
Magic:  4/4        EV:  7    Int:  9    God:
Gold:   119        SH:  9    Dex: 13    Spells: 3/3 levels left

rFire    . . .     SeeInvis .   a - +0 war axe
rCold    . . .     Gourm    .   c - +0 shield
rNeg     . . .     Faith    .   b - +0 scale mail
rPois    .         Spirit   .   (no helmet)
rElec    .         Reflect  .   (no cloak)
rCorr    .         Harm     .   (no gloves)
MR       .....                  (no boots)
Stlth    ..........             (no amulet)
HPRegen  0.11/turn              (no ring)
MPRegen  0.09/turn              (no ring)

@: mighty
A: hooves 1, powered by death 1
a: no special abilities


You were on level 2 of the Dungeon.
You were not hungry.

You visited 1 branch of the dungeon, and saw 2 of its levels.

You collected 119 gold pieces.

Inventory:

Hand Weapons
 a - a +0 war axe (weapon)
Missiles
 j - 37 bolts
 k - 3 tomahawks (quivered)
Armour
 b - a +0 scale mail (worn)
 c - a +0 shield (worn)
Wands
 l - a wand of flame (12)
Scrolls
 e - 2 scrolls of amnesia {unknown}
 g - a scroll of random uselessness {unknown}
 h - 2 scrolls of immolation {unknown}
 i - a scroll of identify {unknown}
Comestibles
 f - a ration
 m - 2 chunks of flesh


   Skills:
 + Level 3.5 Fighting
 + Level 2.8 Axes
 + Level 3.2 Armour
 + Level 0.5 Dodging
 + Level 3.4 Shields


You had 3 spell levels left.
You didn't know any spells.
Your spell library was empty.

Dungeon Overview and Level Annotations

Branches:
Dungeon (2/15)

Altars:
Okawaru
Xom

Annotations:
D:2 Natasha


Innate Abilities, Weirdness & Mutations

You have large cloven feet.
You regenerate a little health from kills.


Message History

Natasha casts a spell at you. The magic dart hits you!
You slash Natasha! Your kick misses Natasha.
Natasha is heavily wounded.
Natasha stares at you and mumbles some strange words.
The magic dart hits you!
You barely miss Natasha.
Natasha is heavily wounded.
Natasha zaps a wand.
The puff of flame hits you!
* * * LOW HITPOINT WARNING * * *
You block Natasha's attack.
You feel very mighty all of a sudden. You block Natasha's attack.
You miss Natasha. Your kick misses Natasha.
Natasha is heavily wounded.
You block Natasha's attack.
You miss Natasha. Your kick misses Natasha.
Natasha is heavily wounded.
Natasha claws you but does no damage. Natasha claws you.
You die...

........#..# ..... #.........)...
.##.##..#..#.......#.##..........
........#..#.......#.##.#########
##.###.##..#..._.....##.#.#.#.##
...###.##..#...$...#.####≈≈≈≈≈≈##
###....##..#.......#.# #_.....((.
...........# ..... #.####≈≈≈≈≈≈#(
###.######.#########..# ##.#.#.#.
###.# #.....h@.....# #######(
....# ##.##).......# #( #####
#.##........# #( #.##......#.# #.
#.#######.#.# #######. #.# #.#.#
#..).... #.# #.#.# #....... #.#
#.#.# #....... ..#.####....)..


You could see Natasha.

Vanquished Creatures
  Natasha (twice) (D:2)
  Jessica (D:2)
  A gnoll (D:2)
  An orc (D:2)
  3 hobgoblins
  2 jackals (D:2)
  6 kobolds
  4 bats
  3 rats (D:1)
23 creatures vanquished.

Notes
Turn   | Place    | Note
-------+----------+-------------------------------------------
     0 | D:1      | suicidejoker the Demonspawn Fighter began the quest for the
                  | Orb.
     0 | D:1      | Reached XP level 1. HP: 18/18 MP: 1/1
   543 | D:2      | Noticed Jessica
   547 | D:2      | Killed Jessica
   547 | D:2      | Gained mutation: You regenerate a little health from kills.
                  | [demonic ancestry]
   547 | D:2      | Reached XP level 2. HP: 12/24 MP: 2/2
   547 | D:2      | Reached XP level 3. HP: 15/29 MP: 3/3
   721 | D:2      | Found a shimmering altar of Xom.
   751 | D:2      | Noticed Natasha
   753 | D:2      | Killed Natasha
   858 | D:2      | Gained mutation: You have large cloven feet. [demonic
                  | ancestry]
   858 | D:2      | Reached XP level 4. HP: 33/35 MP: 4/4
   963 | D:2      | Noticed Natasha
   983 | D:2      | Killed Natasha
  1282 | D:2      | Found an iron altar of Okawaru.
  1394 | D:2      | Noticed Natasha
  1402 | D:2      | Slain by Natasha

Skill      XL: |  1  2  3 |
---------------+----------+-----
Axes           | 2 |  2.8
Shields        | 3 |  3.4
Armour         | 3 |  3.2
Fighting       | |  3.5
Dodging        | |  0.5

Action                   |  1- 3 |  4- 6 || total
-------------------------+-------+-------++-------
Melee: War axe           |    44 |    40 ||    84
       Kick              |       |    12 ||    12
  Use: Potion            |       |     2 ||     2
  Eat: Chunk             |       |     2 ||     2
Armor: Scale mail        |    29 |     9 ||    38
Dodge: Dodged            |    13 |    15 ||    28
Block: Shield            |    27 |    21 ||    48
